 Dungeon Crawl Stone Soup version 0.30-a0-414-gcb316572d5 (webtiles) character file.

Game seed: 15428931446763161852

1383 zishaf the Sneak (level 8, -4/43 HPs)
             Began as a Vine Stalker Brigand on Dec 7, 2022.
             Was a Follower of Uskayaw.
             Slain by a killer bee (5 damage)
             ... on level 9 of the Dungeon.
             The game lasted 00:09:38 (4971 turns).

zishaf the Sneak (Vine Stalker Brigand)             Turns: 4971, Time: 00:09:39

Health: -4/43      AC: 10    Str: 13    XL:     8   Next: 67%
Magic:  0/12       EV: 10    Int: 15    God:    Uskayaw [*.....]
Gold:   329        SH:  0    Dex: 23    Spells: 7/7 levels left

rFire   . . .      SeeInvis .    r - +2 dagger (speed)
rCold   . . .      Faith    .    t - orb {light}
rNeg    + . .      Spirit   +    y - +0 ring mail {rN+}
rPois   .          Reflect  .    k - +0 helmet
rElec   .          Harm     .    c - +0 cloak
rCorr   +          Rampage  .    (no gloves)
Will    +....                    p - +2 pair of boots
Stlth   ++........               (no amulet)
HPRegen 1.07/turn                h - ring of resist corrosion
MPRegen 0.13/turn                l - +6 ring of dexterity

@: lethally poisoned (-4 -> -6), glowing
A: fangs 3, regeneration 1, magic shield, antimagic bite, no potion heal 2,
clever 1, wild magic 1
a: Renounce Religion, Stomp


You were on level 9 of the Dungeon.
You worshipped Uskayaw.
Uskayaw was noncommittal.
You visited 2 branches of the dungeon, and saw 8 of its levels.

You collected 329 gold pieces.

Inventory:

Hand Weapons
 a - a +3 dagger
 m - a +0 dagger of speed
 r - a +2 dagger of speed (weapon)
Missiles
 d - 28 poisoned darts
 e - 3 curare-tipped darts (quivered)
 j - 7 boomerangs
Armour
 b - a +0 robe
 c - a +0 cloak (worn)
 k - a +0 helmet (worn)
 p - a +2 pair of boots (worn)
 t - an orb of light (worn)
 y - a +0 ring mail of positive energy (worn)
Jewellery
 h - a ring of resist corrosion (left hand)
 l - a +6 ring of dexterity (right hand)
Scrolls
 s - a scroll of teleportation
Potions
 f - 3 potions of brilliance
 g - a potion of curing
 i - 4 potions of might {unknown}
 n - a potion of flight
 o - a potion of magic
 q - 2 potions of resistance
 v - a potion of attraction
 w - a potion of invisibility
 z - 2 potions of cancellation {unknown}


   Skills:
 + Level 5.0 Fighting
 + Level 5.0 Short Blades
 - Level 4.0 Throwing
 - Level 1.0 Dodging
 - Level 7.0 Stealth
 * Level 4.4 Invocations


You had 7 spell levels left.
You didn't know any spells.
Your spell library contained the following spells:

 Spells                   Type           Power      Damage    Failure   Level
 Flame Wave               Conj/Fire      0%         2d4       100%        4
 Starburst                Conj/Fire      0%         6d3       100%        6


Dungeon Overview and Level Annotations

Branches:
Dungeon (6/15)             Temple (1/1) D:4

Altars:
Hepliaklqana
Qazlal
Uskayaw
Wu Jian
Xom
Yredelemnul
Zin

Shops:
D:1 [

Annotations:
D:2 dig dug
D:3 2 transporters, GiantSquids's ghost, amateur DECj


Innate Abilities, Weirdness & Mutations

You have razor-sharp teeth.
Your natural rate of healing is unusually fast.
When hurt, damage is shared between your health and your magic reserves.
Your bite disrupts and absorbs the magic of your enemies.
Potions cannot restore your health.
Your mind is acute. (Int +4, Str/Dex -1)
Your spells are a little harder to cast, but a little more powerful.


Message History

You feel very sick. The killer bee barely misses you.
An orc wizard comes into view. It is wielding a +0 dagger.
The killer bee stings you but does no damage. x3
The killer bee closely misses you.
The killer bee attacks as you move away!
The killer bee stings you.
* * * LOW HITPOINT WARNING * * *
x2 You feel very sick.
The killer bee closely misses you.
The killer bee stings you but does no damage. x2
Your system rejects the healing.
You feel better. The killer bee stings you.
The killer bee stings you but does no damage.
The killer bee closely misses you. The killer bee stings you.
* * * LOW HITPOINT WARNING * * *
You are poisoned.
The killer bee poisons you! The killer bee barely misses you.
The killer bee stings you but does no damage.
The killer bee completely misses you. Magic courses through your body.
You feel sick. The killer bee closely misses you.
The killer bee barely misses you. The killer bee stings you.
The killer bee completely misses you. The killer bee closely misses you.
The killer bee stings you.
* * * LOW HITPOINT WARNING * * *
The killer bee stings you.
You are lethally poisoned!
The killer bee poisons you!
The killer bee stings you but does no damage.
The killer bee closely misses you.
The killer bee stings you but does no damage.
Your system rejects the healing.
You feel better.
The killer bee stings you but does no damage.
The killer bee stings you.
* * * LOW HITPOINT WARNING * * *
You are lethally poisoned!
The killer bee poisons you! The killer bee barely misses you.
The killer bee stings you.
* * * LOW HITPOINT WARNING * * *
The killer bee barely misses you. The killer bee stings you!
You die...

#....##.#
#...#...
#.......#
.......
#....#### #....#
#....# #....#
#####....###
#..........#
#......y@y.# ..
#......yyyo#....
#..........#....
#...........[...
#†............#
#.............#
#.............#
#.............#
#..........####


You could see 5 killer bees and an orc wizard (wandering).

Vanquished Creatures
  A wyvern (D:9)
  2 black bears (D:5)
  6 scorpions
  A howler monkey (D:9)
  A quasit (D:4)
  3 jellies
  2 hounds
  2 iguanas
  Natasha (thrice) (D:3)
  An orc wizard (D:5)
  Robin (D:3)
  4 adders
  3 gnolls (D:5)
  5 shadow imps (D:4)
  6 white imps
  5 ufetubi (D:4)
  4 worms
  2 dart slugs
  16 orcs
  6 bats
  6 endoplasms
  12 giant cockroaches (D:2)
  14 goblins
  10 hobgoblins
  3 jackals (D:1)
  6 kobolds
  5 quokkas
  7 ball pythons
  7 frilled lizards
  8 rats
152 creatures vanquished.

Vanquished Creatures (others)
  A goblin (D:4)
  A plant (D:4)
2 creatures vanquished.

Grand Total: 154 creatures vanquished

Notes
Turn   | Place    | Note
-------+----------+-------------------------------------------
     0 | D:1      | zishaf the Vine Stalker Brigand began the quest for the
                  | Orb.
     0 | D:1      | Reached XP level 1. HP: 11/11 MP: 2/2
    52 | D:1      | Found a faded altar of an unknown god.
   173 | D:1      | Reached skill level 1 in Dodging
   173 | D:1      | Reached XP level 2. HP: 15/15 MP: 3/3
   174 | D:1      | Reached skill level 5 in Stealth
   537 | D:1      | Reached XP level 3. HP: 18/18 MP: 4/4
   604 | D:1      | Found Mihomik's Antique Armour Shoppe.
  1334 | D:2      | Found a stormy altar of Qazlal.
  1395 | D:2      | Gained mutation: Your natural rate of healing is unusually
                  | fast. [Vine Stalker growth]
  1395 | D:2      | Reached XP level 4. HP: 23/23 MP: 5/5
  2102 | D:3      | Reached XP level 5. HP: 17/27 MP: 6/6
  2269 | D:3      | Found a transporter.
  2269 | D:3      | Noticed GiantSquids's ghost (amateur DECj)
  2274 | D:3      | Found a transporter.
  2608 | D:3      | Found a hazy altar of Hepliaklqana.
  2727 | D:3      | Found an ornate altar of the Wu Jian Council.
  2876 | D:3      | Noticed Natasha
  2883 | D:3      | Killed Natasha
  2884 | D:3      | Reached skill level 6 in Stealth
  2994 | D:3      | Found a hazy altar of Hepliaklqana.
  3092 | D:3      | Noticed Natasha
  3103 | D:3      | Killed Natasha
  3181 | D:3      | Found an ornate altar of the Wu Jian Council.
  3325 | D:3      | Noticed Natasha
  3341 | D:3      | Killed Natasha
  3342 | D:3      | Reached XP level 6. HP: 28/32 MP: 7/7
  3671 | D:4      | Reached XP level 7. HP: 31/36 MP: 5/8
  3750 | D:4      | Noticed Robin
  3778 | D:3      | HP: 1/37 [white imp/puff of frost (6)]
  3780 | D:3      | Reached skill level 7 in Stealth
  3890 | D:3      | Killed Robin
  3995 | D:4      | Found a staircase to the Ecumenical Temple.
  4005 | Temple   | Entered the Ecumenical Temple
  4024 | Temple   | Became a worshipper of Uskayaw the Reveller
  4223 | D:5      | Entered Level 5 of the Dungeon
  4279 | D:5      | Found a stormy altar of Qazlal.
  4286 | D:5      | Reached * piety under Uskayaw
  4292 | D:5      | Reached ** piety under Uskayaw
  4298 | D:5      | Reached skill level 1 in Invocations
  4374 | D:5      | Reached *** piety under Uskayaw
  4376 | D:5      | Gained mutation: You have razor-sharp teeth. [Vine Stalker
                  | growth]
  4376 | D:5      | Reached XP level 8. HP: 29/42 MP: 7/10
  4378 | D:5      | Reached **** piety under Uskayaw
  4482 | D:5      | Got the Vademecum on Calefaction
  4885 | D:6      | You fall into a shaft and drop 3 floors!
  4889 | D:9      | Noticed a two-headed ogre
  4933 | D:9      | Gained mutation: You have hidden genetic defects. [potion
                  | of mutation]
  4933 | D:9      | Gained mutation: Your muscles are strong. (Str +4, Int/Dex
                  | -1) [potion of mutation]
  4933 | D:9      | Gained mutation: You are dopey. (Int -2) [potion of
                  | mutation]
  4933 | D:9      | Gained mutation: You are agile. (Dex +4, Str/Int -1)
                  | [potion of mutation]
  4934 | D:9      | Lost mutation: You are agile. (Dex +4, Str/Int -1) [potion
                  | of mutation]
  4934 | D:9      | Lost mutation: Your muscles are strong. (Str +4, Int/Dex
                  | -1) [potion of mutation]
  4934 | D:9      | Lost mutation: You are dopey. (Int -2) [potion of mutation]
  4934 | D:9      | Gained mutation: You are partially covered in iridescent
                  | scales. (AC +2) [potion of mutation]
  4934 | D:9      | Gained mutation: You are occasionally teleported next to
                  | monsters. [potion of mutation]
  4935 | D:9      | Lost mutation: You are occasionally teleported next to
                  | monsters. [potion of mutation]
  4935 | D:9      | Lost mutation: You have hidden genetic defects. [potion of
                  | mutation]
  4935 | D:9      | Lost mutation: You are partially covered in iridescent
                  | scales. (AC +2) [potion of mutation]
  4935 | D:9      | Gained mutation: Your spells are a little harder to cast,
                  | but a little more powerful. [potion of mutation]
  4935 | D:9      | Gained mutation: Your mind is acute. (Int +4, Str/Dex -1)
                  | [potion of mutation]
  4937 | D:9      | Noticed a wyvern
  4947 | D:9      | Killed a wyvern
  4948 | D:9      | Reached skill level 5 in Fighting
  4948 | D:9      | Reached skill level 5 in Short Blades
  4971 | D:9      | HP: 2/43 [killer bee (3)]
  4971 | D:9      | Slain by a killer bee

Illustrated notes

Levels and vault maps discovered:
D:1:      minmay_arrival_checkered_box, layout_basic,
          hellmonk_ecumenical_altar_dog_temple, serial_shops,
          nicolae_shop_trees, minmay_tromino_i4
D:2:      minmay_roachtagon, layout_basic, basic_altar, hex_large,
          serial_bayou_pond_e, minivault_23, due_unseen_surprise
D:3:      layout_loops_corners, nicolae_wu_jian_immortal_techniques,
          mainiacjoe_overflow_catwalk, gammafunk_ghost_mausoleum, uniq_natasha
D:4:      layout_basic, minmay_temple_entry_enclosed_plants, serial_demonic,
          serial_demonic_g, serial_demonic_d, serial_demonic_a,
          serial_demonic_e, serial_demonic_a, serial_bayou_lagoon_b, uniq_robin
D:5:      layout_basic, lemuel_doored_altar
D:6:      layout_rooms
D:9:      layout_basic, erik_lair_orcish_takeover, david_orc_3
Temple:   nicolae_temple_god_jail

Skill      XL: |  1  2  3  4  5  6  7  8 |
---------------+-------------------------+-----
Dodging        | 1 |  1.0
Stealth        | 5 6 7 |  7.0
Short Blades   | 2 3 4 5 |  5.0
Throwing       | 2 3 4 |  4.0
Fighting       | 2 3 4 5 |  5.0
Invocations    | 2 4 |  4.4

Action                   |  1- 3 |  4- 6 |  7- 9 || total
-------------------------+-------+-------+-------++-------
Melee: Dagger            |    89 |   237 |   195 ||   521
       Bite              |    18 |    74 |    78 ||   170
       Punch             |     1 |       |       ||     1
Throw: Dart              |     7 |     2 |     1 ||    10
       Boomerang         |       |       |     2 ||     2
  Use: Scroll            |       |    11 |     4 ||    15
       Potion            |       |       |     6 ||     6
 Stab: Sleeping          |     7 |     7 |       ||    14
       Distracted        |     1 |       |       ||     1
       Paralysed         |       |       |     4 ||     4
Armor: Robe              |    17 |    54 |    72 ||   143
       Ring mail         |       |       |    25 ||    25
Dodge: Dodged            |    46 |   136 |   136 ||   318

Table legend: (Time is in decaauts)
 A = Elapsed time spent in this place.
 B = Non-inter-level travel time spent in this place.
 C = Inter-level travel time spent in this place.
 D = Time resting spent in this place.
 E = Time spent auto-exploring this place.
 F = Levels seen in this place.
 G = Mean time per level.
                   A        B        C        D        E       F      G
               +--------+--------+--------+--------+--------+-----+--------+
         Total |   4835 |   4717 |    118 |     74 |   3610 |   8 |  604.4 |
       Dungeon |   4807 |   4689 |    118 |     74 |   3600 |   7 |  686.7 |
        Temple |     28 |     28 |      0 |      0 |     10 |   1 |   28.0 |
               +--------+--------+--------+--------+--------+-----+--------+

Top non-repeatable levels by time:
     D:3: 1433 daAuts
     D:2: 1165 daAuts
     D:1: 824 daAuts
     D:4: 686 daAuts
     D:5: 613 daAuts
     D:9: 80 daAuts
  Temple: 28 daAuts
     D:6: 4 daAuts
